 Dungeon Crawl Stone Soup version 0.29-a0-555-g3b24f45cc1 (webtiles) character file.

Game seed: 11629588769734375773

139 testman the Gusty (level 5, -3/38 HPs)
             Began as a Meteoran Wanderer on June 7, 2022.
             Was a Believer of Fedhas.
             Slain by Pikel
             ... wielding a +1 whip of flaming
              (5 damage)
             ... while paralysed by Pikel
             ... on level 4 of the Dungeon.
             The game lasted 00:09:15 (1429 turns).

testman the Gusty (Meteoran Wanderer)               Turns: 1429, Time: 00:09:16

Health: -3/38      AC:  5    Str: 12    XL:     5   Next: 75%
Magic:  1/9        EV:  2    Int: 17    God:    Fedhas [**....]
Gold:   62         SH:  0    Dex: 13    Spells: 4/8 levels left

rFire   . . .      SeeInvis .   a - +0 quarterstaff
rCold   . . .      Faith    .   (shield currently unavailable)
rNeg    + . .      Spirit   .   o - +2 robe {rN+}
rPois   .          Reflect  .   (no helmet)
rElec   .          Harm     .   g - +0 cloak
rCorr   .          Rampage  .   (no gloves)
Will    .....                   (no boots)
Stlth   +.........              (no amulet)
HPRegen 0.12/turn               (no ring)
MPRegen 0.11/turn               (no ring)

@: paralysed, glowing
A: sense surroundings 1, otherworldly, glowing, explore regen
a: Renounce Religion, Wall of Briars


You were on level 4 of the Dungeon.
You worshipped Fedhas.
Fedhas was pleased with you.
You visited 1 branch of the dungeon, and saw 4 of its levels.

You collected 62 gold pieces.

Inventory:

Hand Weapons
 a - a +0 quarterstaff (weapon)
 c - a +0 dagger
Missiles
 b - 9 poisoned darts
Armour
 g - a +0 cloak (worn)
 o - a +2 robe of positive energy (worn)
Scrolls
 e - a scroll of identify
 f - a scroll of summoning {unknown}
 j - a scroll of noise {unknown}
 n - a scroll of teleportation {unknown}
Potions
 d - a potion of berserk rage
 h - 2 potions of curing
 i - a potion of heal wounds {unknown}
 k - a potion of degeneration {unknown}
 l - a potion of invisibility {unknown}
 m - a potion of attraction {unknown}
 p - 2 potions of lignification {unknown}


   Skills:
 - Level 5.0 Staves
 - Level 1.2 Throwing
 + Level 2.1 Spellcasting
 + Level 2.8 Conjurations
 + Level 5.1 Air Magic
 - Level 2.0 Poison Magic
 + Level 3.4 Invocations


You had 4 spell levels left.
You knew the following spells:

 Your Spells              Type           Power      Damage    Failure   Level
a - Shock                 Conj/Air       60%        1d6       3%          1
b - Mephitic Cloud        Conj/Pois/Air  13%        N/A       14%         3

Your spell library contained the following spells:

 Spells                   Type           Power      Damage    Failure   Level
 Airstrike                Air            9%         N/A       22%         4


Dungeon Overview and Level Annotations

Branches:
Dungeon (4/15)             Temple (0/1) D:4

Altars:
Fedhas
Zin
The Shining One

Annotations:
D:4 Pikel


Innate Abilities, Weirdness & Mutations

You passively map a small area around you.
You are easily found by Zot.
You glow in the dark.
You regain HP and MP as you explore.


Message History

The zap misses the lemure.
The zap hits Pikel.
Pikel is moderately wounded.
The zap hits the lemure.
The lemure is heavily wounded.
The lemure barely misses you.
Pikel says, "You'll feel the lick of my whip!"
As you read the scroll labelled HYUWIQ YCVETS, it crumbles to dust.
It is a scroll of identify.
h - 2 potions of curing The lemure hits you.
* * * LOW HITPOINT WARNING * * *
You aren't carrying any items that you can evoke.
You hit the lemure but do no damage.
The lemure is moderately wounded.
The lemure hits you.
* * * LOW HITPOINT WARNING * * *
You hit the lemure.
The lemure is heavily wounded.
The lemure closely misses you.
You closely miss the lemure.
The lemure is heavily wounded.
You hit Pikel.
Pikel is moderately wounded.
You hit Pikel but do no damage.
Pikel is moderately wounded.
Pikel hits you with a +1 whip of flaming.
* * * LOW HITPOINT WARNING * * *
Pikel burns you.
* * * LOW HITPOINT WARNING * * *
You closely miss Pikel.
Pikel is moderately wounded.
Pikel waves his whip at you. Pikel closely misses you.
You hit Pikel but do no damage.
Pikel is moderately wounded.
Pikel zaps a wand.
You suddenly lose the ability to move!
Pikel barely misses you.
Pikel hits you with a +1 whip of flaming.
You die...
Fedhas appreciates your contribution to the ecosystem.

...8###....# #.........# *
, .....##....# #.........#
* ...8.......# #.........#
## , ...#.†..####
#.........# ..# ...#<...#
#.........#,.5.##
°..#....#
#.555..55.#.....)
.○.#....# ###5###+#...# *
, ...#....# #K# * ###.#
...#....# #@# * ... ,
####....########.#####
#..#
.........)...........# ..#
.....##########...##.# ...
.....# #.....#.# , ##,
.....###### #.......# *, ,
..........# #...#.###.#.#
#####.....########........
, #..............##.##.#*
, ,


You could see Pikel and 4 lemures.

Vanquished Creatures
  An iguana (D:4)
  An orc wizard (D:3)
  3 adders
  A worm (D:3)
  2 dart slugs
  8 orcs
  4 endoplasms
  A giant cockroach (D:3)
  3 goblins
  A hobgoblin (D:3)
  2 jackals (D:1)
  2 quokkas (D:2)
  7 ball pythons
  3 bats
  4 kobolds
43 creatures vanquished.

Notes
Turn   | Place    | Note
-------+----------+-------------------------------------------
     0 | D:1      | testman the Meteoran Wanderer began the quest for the Orb.
     0 | D:1      | testman set off with the following items: a +0
                  | quarterstaff, 9 poisoned darts, a +0 dagger, a potion of
                  | berserk rage, a +0 robe; and the following spell memorised:
                  | Shock; and the following spells available to memorise:
                  | Airstrike, Mephitic Cloud
     0 | D:1      | Reached XP level 1. HP: 14/14 MP: 3/3
    64 | D:1      | Found a faded altar of an unknown god.
    79 | D:1      | Prayed at the altar of an unknown god.
    79 | D:1      | Became a worshipper of Fedhas Madash
    79 | D:1      | Reached * piety under Fedhas
   183 | D:1      | Reached XP level 2. HP: 19/20 MP: 5/5
   294 | D:1      | Reached skill level 5 in Staves
   332 | D:1      | Reached skill level 5 in Air Magic
   369 | D:1      | Reached skill level 1 in Conjurations
   399 | D:1      | You fall into a shaft and drop 1 floor!
   471 | D:2      | HP: 1/20 [adder (1)]
   474 | D:2      | Reached skill level 1 in Invocations
   474 | D:2      | Reached XP level 3. HP: 2/26 MP: 3/7
   479 | D:2      | Learned a level 3 spell: Mephitic Cloud
   573 | D:2      | Reached XP level 4. HP: 20/33 MP: 3/8
   819 | D:3      | Found a large runed translucent door.
   820 | D:3      | Found a large runed translucent door.
   838 | D:3      | Reached skill level 1 in Poison Magic
   857 | D:3      | Found a glowing silver altar of Zin.
   863 | D:3      | Reached ** piety under Fedhas
   869 | D:3      | Found a glowing golden altar of the Shining One.
   972 | D:3      | Reached XP level 5. HP: 31/38 MP: 3/9
  1313 | D:4      | Found a staircase to the Ecumenical Temple.
  1397 | D:4      | Noticed a lemure
  1397 | D:4      | Noticed a lemure
  1397 | D:4      | Noticed a lemure
  1397 | D:4      | Noticed Pikel
  1398 | D:4      | Noticed a lemure
  1407 | D:4      | Paralysed by Pikel for 5 turns
  1428 | D:4      | Paralysed by Pikel for 3 turns
  1429 | D:4      | Slain by Pikel

Illustrated notes

Levels and vault maps discovered:
D:1:      lightli_arrival_maybe_door_vault, layout_basic,
          shapermc_ecumenical_altar_venn, minivault_25
D:2:      layout_basic, uniq_crazy_yiuf_cottage
D:3:      layout_loops_ring, jmf_multi_god_temple2,
          hangedman_abyss_or_decor_stabs
D:4:      layout_basic, lemuel_temple_firewalk_b, uniq_pikel, uniq_duvessa

Skill      XL: |  1  2  3  4  5 |
---------------+----------------+-----
Staves         | 5 |  5.0
Air Magic      | 5 |  5.1
Conjurations   | 1 2 |  2.8
Spellcasting   | 2 |  2.1
Invocations    | 1 2 3 |  3.4
Poison Magic   | 1 2 |  2.0
Throwing       | |  1.2

Action                   |  1- 3 |  4- 6 || total
-------------------------+-------+-------++-------
Melee: Quarterstaff      |    43 |    78 ||   121
Throw: Dart              |     1 |       ||     1
 Cast: Shock             |    18 |    23 ||    41
       Mephitic Cloud    |       |     1 ||     1
  Use: Scroll            |       |     1 ||     1
Armor: Robe              |    15 |    24 ||    39
Dodge: Dodged            |    21 |    34 ||    55

Table legend: (Time is in decaauts)
 A = Elapsed time spent in this place.
 B = Non-inter-level travel time spent in this place.
 C = Inter-level travel time spent in this place.
 D = Time resting spent in this place.
 E = Time spent auto-exploring this place.
 F = Levels seen in this place.
 G = Mean time per level.
                   A        B        C        D        E       F      G
               +--------+--------+--------+--------+--------+-----+--------+
         Total |   1435 |   1358 |     77 |      0 |    857 |   4 |  358.8 |
       Dungeon |   1435 |   1358 |     77 |      0 |    857 |   4 |  358.8 |
               +--------+--------+--------+--------+--------+-----+--------+

Top non-repeatable levels by time:
     D:3: 473 daAuts
     D:1: 420 daAuts
     D:2: 399 daAuts
     D:4: 141 daAuts
